 Dungeon Crawl Stone Soup version 0.23-a0-837-ga3e6480 (webtiles) character file.

109 robertstho the Stinger (level 4, -7/24 HPs)
             Began as a Deep Elf Venom Mage on Jan 24, 2019.
             Splashed by Ijyb's acid (11 damage)
             ... on level 3 of the Dungeon.
             The game lasted 00:06:14 (2262 turns).

robertstho the Stinger (Deep Elf Venom Mage)        Turns: 2262, Time: 00:06:17

Health: -7/24      AC:  2    Str:  2 (5)  XL:     4   Next: 59%
Magic:  3/12       EV: 12    Int: 21      God:
Gold:   74         SH:  0    Dex: 12 (15) Spells: 6/12 levels left

rFire    . . .     SeeInvis .   o - +1 dagger (venom)
rCold    . . .     Gourm    .   (no shield)
rNeg     . . .     Faith    .   a - +0 robe
rPois    .         Spirit   .   (no helmet)
rElec    .         Reflect  .   (no cloak)
rCorr    .         Harm     .   (no gloves)
MR       .....                  (no boots)
Stlth    ++........             (no amulet)
HPRegen  0.08/turn              d - -3 ring of strength
MPRegen  0.13/turn              h - +3 ring of strength

@: no status effects
A: no striking features
a: no special abilities


You were on level 3 of the Dungeon.
You were not hungry.

You visited 1 branch of the dungeon, and saw 3 of its levels.

You collected 74 gold pieces.

Inventory:

Hand Weapons
 g - a +0 hunting sling
 i - a +0 short sword
 j - a +2 dagger of speed
 o - a +1 dagger of venom (weapon)
Armour
 a - a +0 robe (worn)
Jewellery
 d - a -3 ring of strength (left hand)
 e - an uncursed ring of fire
 h - a +3 ring of strength (right hand)
Wands
 n - a wand of flame (13)
Scrolls
 f - a scroll of remove curse
 k - 3 scrolls of identify {unknown}
Potions
 l - 2 potions of flight {unknown}
Comestibles
 b - 2 chunks of flesh
 c - 3 rations


   Skills:
 + Level 0.1 Short Blades
 + Level 2.5 Dodging
 + Level 2.4 Stealth
 * Level 4.5 Spellcasting
 + Level 1.5 Conjurations
 + Level 0.4 Air Magic
 + Level 4.8 Poison Magic


You had 6 spell levels left.
You knew the following spells:

 Your Spells              Type           Power        Failure   Level  Hunger
a - Sting                 Conj/Pois      ###.         3%          1    None
b - Poisonous Vapours     Pois/Air       ###...       6%          2    #......
c - Mephitic Cloud        Conj/Pois/Air  ##......     14%         3    ##.....

Your spell library contained the following spells:

 Spells                   Type           Power        Failure   Level  Hunger
 Beastly Appendage        Tmut           #.....       12%         1    None
 Spider Form              Tmut/Pois      ###.......   13%         3    ##.....
 Olgreb's Toxic Radiance  Pois           ####....     16%         4    ####...
 Sticks to Snakes         Tmut           #.......     17%         2    #......
 Venom Bolt               Conj/Pois      ###.......   63%         5    ######.
 Ice Form                 Ice/Tmut       #.......     75%         4    ####...
 Blade Hands              Tmut           #.........   97%         5    ######.


Dungeon Overview and Level Annotations

Branches:
Dungeon (3/15)

Altars:
Dithmenos

Annotations:
D:3 Ijyb


Message History

Casting: Sting (safe; 3% risk of failure)
Confirm with . or Enter, or press ? or * to list all spells.
Aiming: Sting (safe; 3% risk of failure)
Press: ? - help, Shift-Dir - straight line, f/p - Ijyb
Aim: Ijyb, wielding a +0 dagger, wearing a +0 ring mail and carrying a wand of acid (8) (heavily wounded, poisoned)
The sting hits Ijyb but does no damage.
Ijyb looks even sicker.
Ijyb is heavily wounded.
Casting: Sting (safe; 3% risk of failure)
Confirm with . or Enter, or press ? or * to list all spells.
Aiming: Sting (safe; 3% risk of failure)
Press: ? - help, Shift-Dir - straight line, f/p - Ijyb
Aim: Ijyb, wielding a +0 dagger, wearing a +0 ring mail and carrying a wand of acid (8) (severely wounded, poisoned)
The sting hits Ijyb.
Ijyb looks as sick as possible!
Ijyb is severely wounded.
Ijyb screams, "Get away!"
Ijyb zaps a wand.
The bolt of acid hits you!!
Ouch! That really hurt!
* * * LOW HITPOINT WARNING * * *
You are splashed with acid!
You die...

#...............
#.#...........
..........#.#####
#.#........)..#
#.#....g#.###.#
#.#.#...# #
#.#.#...#
#.#.#.รท.###.#
#>...@........
#.###...###.#.
#######...#...#
.......<...[..#
###########.###
.... ..... ... .


You could see Ijyb.

Vanquished Creatures
  An iguana (D:3)
  Robin (D:2)
  An adder (D:2)
  A dart slug (D:2)
  A leopard gecko (D:2)
  7 bats
  4 giant cockroaches
  13 goblins
  5 hobgoblins
  4 jackals (D:2)
  2 quokkas (D:2)
  3 frilled lizards
  5 kobolds
  4 rats
52 creatures vanquished.

Notes
Turn   | Place    | Note
-------+----------+-------------------------------------------
     0 | D:1      | robertstho the Deep Elf Venom Mage began the quest for the
                  | Orb.
     0 | D:1      | Reached XP level 1. HP: 10/10 MP: 6/6
   156 | D:1      | Reached XP level 2. HP: 15/15 MP: 6/8
   505 | D:2      | Learned a level 2 spell: Poisonous Vapours
   512 | D:2      | Reached XP level 3. HP: 19/19 MP: 0/10
   517 | D:2      | Learned a level 3 spell: Mephitic Cloud
  1029 | D:2      | Found a shadowy altar of Dithmenos.
  1397 | D:2      | Noticed Robin
  1405 | D:2      | Killed Robin
  1812 | D:2      | Reached XP level 4. HP: 24/24 MP: 6/12
  2252 | D:3      | Noticed Ijyb
  2262 | D:3      | Splashed by Ijyb's acid

Vault maps used:
D:1:      sevenhm_arrival_forest_fort_small_3
D:2:      nicolae_overflow_crystal_walls, uniq_robin
D:3:      chequers_temple_overflow_statue_of_worship, yredelemnul_altar_generic,
          chequers_ecumenical_altar_island, uniq_ijyb, uniq_natasha,
          uniq_crazy_yiuf_cottage

Skill      XL: |  1  2  3 |
---------------+----------+-----
Poison Magic   | 4 |  4.8
Spellcasting   | 4 |  4.5
Short Blades   | |  0.1
Dodging        | |  2.5
Stealth        | |  2.4
Conjurations   | |  1.5
Air Magic      | |  0.4

Action                   |  1- 3 |  4- 6 || total
-------------------------+-------+-------++-------
Melee: Unarmed           |     3 |       ||     3
       Short sword       |     5 |       ||     5
       Dagger            |     1 |    13 ||    14
 Cast: Sting             |    42 |     4 ||    46
       Poisonous Vapours |    24 |    16 ||    40
  Use: Potion            |     4 |       ||     4
       Scroll            |     2 |       ||     2
  Eat: Chunk             |     3 |     2 ||     5
Armor: Robe              |     5 |     8 ||    13
Dodge: Dodged            |    21 |    17 ||    38

Table legend:
 A = Non-vault XP
 B = Vault XP
 C = Vault XP percentage of total XP
 D = Non-vault monster count
 E = Vault monster count
 F = Vault count percentage of total count
                 A         B        C        D         E       F
            +---------+---------+-------+---------+---------+-------
      Total |     124 |      32 |  20.5 |      41 |      11 |  21.2
            +---------+---------+-------+---------+---------+-------
        D:1 |      35 |       0 |   0.0 |      20 |       0 |   0.0
        D:2 |      46 |      32 |  41.0 |      18 |      11 |  37.9
        D:3 |      43 |       0 |   0.0 |       3 |       0 |   0.0
            +---------+---------+-------+---------+---------+-------
